 Dungeon Crawl Stone Soup version 0.31-a0-848-gaac375c287 (webtiles) character file.

Game seed: 4380227850180040836

358213 Maratek the Hoplite (level 21, -6/201 HPs)
             Began as a Demonspawn Fighter on Oct 4, 2023.
             Was the Champion of Qazlal.
             Mangled by a vault warden
             ... wielding a +3 great mace of holy wrath
              (23 damage)
             ... on level 5 of the Vaults.
             The game lasted 02:31:50 (39425 turns).

Maratek the Hoplite (Demonspawn Fighter)           Turns: 39425, Time: 02:31:51

Health: -6/201     AC: 12    Str: 29    XL:     21   Next: 43%
Magic:  30/30      EV: 26    Int: 14    God:    Qazlal [******]
Gold:   4143       SH: 33    Dex: 15    Spells: 20/20 levels left

rFire   + . .        a - +7 long sword (drain)
rCold   + + .        k - +2 tower shield {rF+}
rNeg    + + .        e - +1 robe of Vines {NoPotionHeal Regen++++}
rPois   +            c - +1 helmet {Int+3}
rElec   .            l - scarf {rC+ rF+}
rCorr   .            z - +0 pair of gloves of the Ant {Dex+4}
SInv    .            (boots unavailable)
Will    +++..        y - amulet of regeneration
Stlth   +            v - ring of Hibuas {rPois EV+5 Str+3}
HPRegen 4.53/turn    O - ring "Loarin" {rF- rC+ rN++ Will+ MP+9}
MPRegen 0.22/turn

%: repel missiles
@: mighty, about to teleport, protected from physical damage, studying Ranged
Weapons, invisible
A: hooves 3, rugged brown scales 3, ignite blood 2, powered by pain 3, demonic
willpower, clumsy 1, robust 1
}: 2/15 runes: decaying, serpentine
a: Renounce Religion, Upheaval, Elemental Force, Disaster Area


You were on level 5 of the Vaults.
You worshipped Qazlal.
Qazlal was exalted by your worship.
You visited 8 branches of the dungeon, and saw 39 of its levels.

You collected 5062 gold pieces.
You spent 919 gold pieces at shops.

Inventory:

Hand Weapons
 a - a +7 long sword of draining (weapon)
 T - a +3 long sword of holy wrath
Missiles
 j - a throwing net
Armour
 c - a +1 helmet of intelligence (worn)
 e - the +1 robe of Vines (worn) {NoPotionHeal Regen++++}
   (You found it on level 5 of the Dungeon)

   NoPotionHeal: Its wearer cannot be healed by potions.
   Regen++++: It increases your rate of health regeneration.
 k - a +2 tower shield of fire resistance (worn)
 l - a scarf of resistance (worn)
 z - the +0 pair of gloves of the Ant (worn) {Dex+4}
   (You took it off Nikola on level 4 of the Snake Pit)

   Dex+4:     It affects your dexterity (+4).
Jewellery
 r - the ring of Ru's Favour {rPois rF+ rN+ Int-3}
   (You found it on level 1 of the Swamp)

   [ring of protection from fire]

   Int-3:     It affects your intelligence (-3).
   rF+:       It protects you from fire.
   rPois:     It protects you from poison rN+: It protects you from negative
   energy.
 v - the ring of Hibuas (left hand) {rPois EV+5 Str+3}
   (You bought it in a shop on level 2 of the Snake Pit)

   [ring of evasion]

   EV+5:      It affects your evasion (+5).
   Str+3:     It affects your strength (+3).
   rPois:     It protects you from poison
 y - an amulet of regeneration (around neck)
 O - the ring "Loarin" (right hand) {rF- rC+ rN++ Will+ MP+9}
   (You found it on level 3 of the Elven Halls)

   [ring of magical power]

   rF-:       It makes you vulnerable to fire.
   rC+:       It protects you from cold.
   rN++:      It greatly protects you from negative energy.
   Will+:     It increases your willpower.
   MP+9:      It affects your magic capacity (+9).
 S - a ring of flight
Wands
 d - a wand of charming (45)
 n - a wand of quicksilver (28)
 E - a wand of mindburst (26)
 G - a wand of iceblast (26)
 H - a wand of flame (43)
 P - a wand of polymorph (28)
Scrolls
 h - 2 scrolls of butterflies
 m - 5 scrolls of revelation
 q - 5 scrolls of teleportation
 s - 6 scrolls of poison
 C - a scroll of silence
 I - a scroll of vulnerability
 J - 3 scrolls of amnesia
 K - 8 scrolls of identify
 L - 2 scrolls of fear
 N - a scroll of brand weapon
Potions
 b - 2 potions of enlightenment
 g - 7 potions of attraction
 i - 14 potions of heal wounds
 o - 6 potions of brilliance
 p - 14 potions of curing
 t - 8 potions of mutation
 u - 3 potions of cancellation
 w - 2 potions of invisibility
 A - 7 potions of might
 B - 3 potions of resistance
 F - 5 potions of lignification
 Q - a potion of haste
 R - a potion of berserk rage
Miscellaneous
 x - a lightning rod (inert)


   Skills:
 + Level 16.5 Fighting
 + Level 16.8 Long Blades
 + Level 3.3 Armour
 + Level 18.1 Dodging
 + Level 4.6 Stealth
 + Level 22.5 Shields
 + Level 0.8 Invocations
 + Level 3.1 Evocations


You had 20 spell levels left.
You didn't know any spells.
Your spell library contained the following spells:

 Spells                   Type           Power      Damage    Failure   Level
 Apportation              Tloc           0%         N/A       36%         1
 Magic Dart               Conj           0%         1d3       36%         1
 Summon Small Mammal      Summ           0%         N/A       36%         1
 Blink                    Tloc           0%         N/A       50%         2
 Call Imp                 Summ           0%         N/A       50%         2
 Jinxbite                 Hex            0%         N/A       50%         2
 Lesser Beckoning         Tloc           0%         N/A       50%         2
 Momentum Strike          Conj/Tloc      0%         3d8       50%         2
 Poisonous Vapours        Pois/Air       0%         N/A       50%         2
 Searing Ray              Conj           0%         2d4       50%         2
 Static Discharge         Conj/Air       0%         2-2/arc   50%         2
 Sublimation of Blood     Necr           0%         N/A       50%         2
 Dazzling Flash           Conj/Hex       0%         N/A       75%         3
 Gell's Gravitas          Tloc           0%         N/A       75%         3
 Hailstorm                Conj/Ice       0%         3d3       75%         3
 Mephitic Cloud           Conj/Pois/Air  0%         N/A       75%         3
 Ozocubu's Armour         Ice            0%         N/A       75%         3
 Teleport Other           Tloc           0%         N/A       75%         3
 Volatile Blastmotes      Fire/Tloc      0%         2d10      75%         3
 Airstrike                Air            0%         2d(0-16)  98%         4
 Animate Armour           Summ/Erth      0%         N/A       98%         4
 Cause Fear               Hex            0%         N/A       98%         4
 Dispel Undead            Necr           0%         3d6       98%         4
 Fulminant Prism          Conj/Hex       0%         3d5       98%         4
 Iskenderun's Mystic Bla  Conj/Tloc      0%         2d3       98%         4
 Manifold Assault         Tloc           0%         N/A       98%         4
 Petrify                  Tmut/Erth      0%         N/A       98%         4
 Summon Ice Beast         Ice/Summ       0%         N/A       98%         4
 Summon Lightning Spire   Summ/Air       0%         N/A       98%         4
 Vhi's Electric Charge    Tloc/Air       0%         N/A       98%         4
 Alistair's Intoxication  Tmut/Pois      0%         N/A       100%        5
 Arcjolt                  Conj/Air       0%         1d10      100%        5
 Fireball                 Conj/Fire      0%         3d3       100%        5
 Freezing Cloud           Conj/Ice/Air   0%         6-21      100%        5
 Irradiate                Conj/Tmut      0%         3d11      100%        5
 Iskenderun's Battlesphe  Conj           0%         2d6       100%        5
 Metabolic Englaciation   Hex/Ice        0%         N/A       100%        5
 Summon Mana Viper        Hex/Summ       0%         N/A       100%        5
 Dispersal                Tloc           0%         N/A       100%        6
 Plasma Beam              Fire/Air       0%         2x1d10    100%        6
 Simulacrum               Ice/Necr       0%         N/A       100%        6
 Starburst                Conj/Fire      0%         6d3       100%        6
 Summon Cactus Giant      Summ           0%         N/A       100%        6
 Monstrous Menagerie      Summ           0%         N/A       100%        7
 Spellforged Servitor     Conj/Summ      0%         N/A       100%        7
 Borgnjor's Revivificati  Necr           0%         N/A       100%        8
 Disjunction              Tloc           0%         N/A       100%        8
 Maxwell's Capacitive Co  Air            0%         ∞         100%        8
 Dragon's Call            Summ           0%         N/A       100%        9


Dungeon Overview and Level Annotations

Branches:
Dungeon (15/15)            Temple (1/1) D:7            Lair (5/5) D:8
  Swamp (4/4) Lair:3        Snake (4/4) Lair:3        Slime (0/5) Lair:4
    Orc (2/2) D:10            Elf (3/3) Orc:2        Vaults (5/5) D:14
  Crypt (0/3) Vaults:3     Depths (0/4) D:15

Altars:
Ashenzari
Cheibriados
Dithmenos
Fedhas
Gozag
Hepliaklqana
Kikubaaqudgha
Makhleb
Nemelex Xobeh
Okawaru
Qazlal
Ru
Sif Muna
Trog
Uskayaw
Vehumet
Wu Jian
Xom
Yredelemnul
Lugonu

Shops:
D:4 *   D:8 :   D:15 !(*?   Orc:2 [::[   Elf:1 =   Elf:2 (   Snake:2 ==:
Snake:4 (   Vaults:1 :(   Vaults:3 ?   Vaults:4 *

Portals:
Abyss: Lair:5

Annotations:
D:7 2 transporters, NigelTetley's ghost, novice DgHu
D:12 3 runed translucent doors, Ycigyrier's ghost, journeyman HOFi
Swamp:1 1 runed translucent door, Zoigrime's ghost, adept FoFi
Snake:1 1 runed translucent door, Ofax's ghost, adept VSFi
Snake:4 3 runed translucent doors, Noucar's ghost, adept MiMo; Romunoh's ghost, adept SpBr


Innate Abilities, Weirdness & Mutations

You have hooves in place of feet.
You are completely covered in rugged brown scales. (AC +3, +7% HP)
Your demonic aura often causes spilled blood to erupt in flames.
You are powered by pain.
You punish those that try to bend your will. (Will+)
You are clumsy. (Dex -2)
You are robust. (+10% HP)


Message History

The arrow hits the storm dragon.
The yaktaur captain shoots a bolt.
The bolt closely misses you. You block the storm dragon's attack.
The storm dragon misses you. x2
As you read the scroll of fog, it dissolves into smoke.
You hear a shout!
The titan gestures at you while chanting.
The bolt of lightning misses you. You block the vault warden's attack.
The vault guard barely misses you.
The vault sentinel blows a loud note on a signal horn!
The storm dragon is engulfed in blazing flames.
The storm dragon breathes lightning at you.
The bolt of lightning misses you.
The deep elf sorcerer is engulfed in freezing vapours.
The deep elf sorcerer hits you but does no damage.
The deep elf high priest shoots an arrow.
The arrow hits the storm dragon.
The yaktaur captain shoots a bolt.
The bolt barely misses the dread lich.
You block the bolt.
You hear a shout! x10
As you read the scroll of teleportation, it crumbles to dust.
You feel strangely unstable. You block the dread lich's attack.
You block the storm dragon's attack. The storm dragon claws you.
Your resistance to cold fades away.
You feel protected from physical attacks.
You block the storm dragon's attack. The titan hits you!!!
The vault warden closely misses you. You block the vault guard's attack.
The vault warden hits you with a +3 great mace of holy wrath!!
* * * LOW HITPOINT WARNING * * *
You convulse!!
* * * LOW HITPOINT WARNING * * *
You block the dread lich's attack.
The deep elf sorcerer is engulfed in freezing vapours.
The deep elf sorcerer barely misses you.
The deep elf high priest shoots an arrow.
The arrow hits the storm dragon!
The yaktaur captain shoots a bolt.
The bolt hits the dread lich!!
The bolt burns the dread lich.
You hear a shout!
The storm dragon breathes lightning at you.
The bolt of lightning misses you. The dread lich completely misses you.
The vault warden hits you with a +3 great mace of holy wrath!!
You die...

#... .## #....# .....
.....#....###.....
#.?..#....#.......
#...#....#...... #..#..§§#§§..#
#....°§§§§..
###########..)§§@pp##############
...D......p...§§LCe..............
.p1C.........○c§ppD..............
.X.X.........○WpQ§p§.............
.p.C............§§.e.............
###########.).....§§.############
............# ...#......).#
##..#....###..


You could see an ironbound preserver (unable to see you), a titan (sheltered), a
dread lich (fast, sheltered), a storm dragon (sheltered, unable to see you,
catching breath), 3 vault wardens, a yaktaur captain (sheltered, unable to see
you), a vault guard, a deep elf sorcerer, a vault sentinel (sheltered) and a
freezing wraith.

Vanquished Creatures
  Bai Suzhen (Snake:3)
  A golden dragon (Vaults:5)
  Nikola (Snake:4)
  A tentacled monstrosity (Swamp:4)
  Jorgrun (Lair:3)
  Mlioglotl (Swamp:4)
  A quicksilver dragon (Vaults:5)
  2 titans (Vaults:5)
  The ghost of Plog the Tortoise, an adept AtMo of Okawaru (Vaults:4)
  Asterion (Snake:1)
  3 deep elf blademasters
  2 deep elf master archers (Elf:3)
  3 sphinxes
  A tengu reaver (Vaults:5)
  Kirke (Snake:1)
  Agnes (Elf:1)
  A shadow dragon (Vaults:3)
  12 nagarajas
  Donald (Snake:4)
  A fenstrider witch (Swamp:3)
  A fire giant (Vaults:2)
  11 deep elf sorcerers
  A deep elf elementalist (Elf:3)
  12 vault wardens
  2 very ugly things
  4 war gargoyles
  3 orc warlords
  A stone giant (D:15)
  2 angels (Elf:1)
  6 ironbound thunderhulks
  9 ironbound preservers
  3 formless jellyfish (Vaults:1)
  2 green draconians (Swamp:4)
  A vampire knight (Vaults:3)
  5 deep elf demonologists (Elf:3)
  Nessos (Lair:3)
  6 eleionomae
  10 dire elephants
  Azrael (Lair:3)
  8 deep elf annihilators (Elf:3)
  4 bunyips
  5 deep elf death magi (Elf:3)
  Josephine (Lair:3)
  An entropy weaver (Vaults:5)
  An ettin (Orc:1)
  10 yaktaur captains
  An entropy weaver (shapeshifter) (Lair:5)
  4 great orbs of eyes
  4 deep elf high priests
  31 vault guards
  3 salamander tyrants
  An ice dragon (shapeshifter) (Lair:5)
  27 hydras
  9 alligators
  6 ghost crabs
  2 peacekeepers (Vaults:4)
  9 ironbound frosthearts
  A sphinx zombie (Vaults:4)
  8 boulder beetles
  13 two-headed ogres
  6 centaur warriors
  2 anacondas (Snake:1)
  27 dancing weapons
  4 tengu warriors
  13 naga sharpshooters
  15 naga warriors
  5 shock serpents
  2 thrashing horrors (Lair:5)
  6 death yaks
  Urug (Lair:2)
  2 orc high priests
  17 deep elf knights
  Amaemon (D:9)
  3 salamander mystics
  2 goliath frogs (Swamp:4)
  A flayed ghost (Vaults:5)
  2 sea snakes (Snake:2)
  A skyshark (Lair:5)
  4 naga ritualists
  Lodul (D:12)
  A death drake (Swamp:4)
  2 lindwurms (Vaults:3)
  8 bog bodies
  15 swamp dragons
  20 deep trolls
  17 ironbound convokers
  2 large abominations (Lair:5)
  6 wizards
  5 spriggan druids
  A spriggan simulacrum (D:14)
  2 glowing orange brains
  6 deep elf archers
  A phantasmal warrior (Vaults:4)
  3 mana vipers
  6 orc knights
  34 deep elf pyromancers
  34 deep elf zephyrmancers
  4 necromancers
  A tengu skeleton (Vaults:4)
  7 cyclopes
  17 salamanders
  3 orc sorcerers (Orc:2)
  4 will-o-the-wisps
  17 ugly things
  A fire giant zombie (Vaults:4)
  15 elephants
  4 guardian serpents
  A black mamba (shapeshifter) (Lair:5)
  19 naga magi
  A torpor snail (shapeshifter) (Elf:2)
  20 vault sentinels
  8 cane toads
  17 black mambas
  An orange demon (D:9)
  2 smoke demons (Lair:5)
  4 torpor snails (Lair:5)
  2 yaktaur zombies (Vaults:4)
  2 freezing wraiths
  A kobold demonologist (D:9)
  The ghost of AceOff the Insei, a novice DsSh of Yredelemnul (D:5)
  Psyche (D:8)
  3 rime drakes
  4 komodo dragons
  A golden dragon simulacrum (Vaults:4)
  20 yaktaurs
  8 trolls
  7 hornets
  13 tyrant leeches
  2 polar bears
  A tarantella (shapeshifter) (D:14)
  8 saltlings (Orc:2)
  20 blink frogs
  8 dream sheep
  A shadow dragon simulacrum (Vaults:4)
  A raiju (Lair:5)
  6 water elementals
  20 slime creatures
  An elf zombie (Vaults:4)
  9 spriggans
  34 yaks
  A ynoxinul (Lair:5)
  2 air elementals (Orc:2)
  4 vampires
  9 fire elementals
  10 wraiths
  4 wyverns
  An unseen horror simulacrum (D:10)
  A human (Snake:1)
  8 basilisks
  2 steam dragons
  A hog (Snake:1)
  A redback (Vaults:5)
  5 minotaur simulacra (D:14)
  2 chaos spawn (Lair:5)
  3 wargs
  A yaktaur simulacrum (Vaults:4)
  11 vampire mosquitoes
  29 nagas
  7 acid dragons
  17 swamp worms
  2 hell hounds (Snake:1)
  16 water moccasins
  A water moccasin (shapeshifter) (Elf:1)
  8 swamp drakes
  44 orc warriors
  2 ice beasts
  A human zombie (Vaults:4)
  An ettin simulacrum (Vaults:4)
  2 black bears
  9 wolves
  4 boggarts (Vaults:4)
  9 small abominations (Lair:5)
  16 ogres
  A phantom (D:6)
  4 centaurs
  5 kobold brigands
  17 bullfrogs
  An earth elemental (Elf:3)
  A gnoll sergeant (D:10)
  5 scorpions
  2 deep troll simulacra
  12 wights
  A lindwurm simulacrum (D:14)
  7 killer bees
  3 howler monkeys
  An electric eel (Snake:2)
  2 human simulacra (Vaults:4)
  2 jellies
  19 orc priests
  3 gnoll boudas
  A sleepcap (D:5)
  Jessica (D:3)
  4 iguanas
  26 orc wizards
  6 hell rats (Lair:1)
  22 gnolls
  5 adders
  A white imp (D:5)
  An ufetubus (D:5)
  A worm (D:2)
  A dart slug (D:2)
  134 orcs
  6 bats
  7 endoplasms
  2 giant cockroaches
  12 goblins
  8 hobgoblins
  23 kobolds
  2 quokkas
  3 ball pythons
  A frilled lizard (D:3)
  4 rats
1456 creatures vanquished.

Vanquished Creatures (others)
  4 nagarajas (Snake:4)
  2 ironbound preservers (Vaults:5)
  A salamander tyrant (Snake:4)
  An alligator (Swamp:4)
  A naga warrior (Snake:4)
  4 deep elf knights
  A deep elf archer (Elf:1)
  A swamp dragon (Swamp:2)
  A deep elf zephyrmancer (Elf:2)
  A will-o-the-wisp (Swamp:4)
  A naga mage (Snake:4)
  A bloated husk (Swamp:4)
  An orc warrior (D:13)
  A killer bee (D:8)
  An orc wizard (D:6)
  48 foxfires
70 creatures vanquished.

Grand Total: 1526 creatures vanquished

Notes
Turn   | Place    | Note
-------+----------+-------------------------------------------
     0 | D:1      | Maratek the Demonspawn Fighter began the quest for the Orb.
     0 | D:1      | Reached XP level 1. HP: 18/18 MP: 1/1
   151 | D:1      | Gained mutation: You sometimes gain a little power by
                  | taking damage. [demonic ancestry]
   151 | D:1      | Reached XP level 2. HP: 24/24 MP: 2/2
   161 | D:1      | Reached skill level 3 in Shields
  1243 | D:2      | Gained mutation: You have large cloven feet. [demonic
                  | ancestry]
  1243 | D:2      | Reached XP level 3. HP: 29/29 MP: 3/3
  2146 | D:3      | Reached XP level 4. HP: 27/35 MP: 4/4
  2225 | D:3      | Reached skill level 1 in Stealth
  2601 | D:3      | Noticed Jessica
  2605 | D:3      | Killed Jessica
  2606 | D:3      | Reached skill level 1 in Dodging
  2606 | D:3      | Reached XP level 5. HP: 41/41 MP: 5/5
  2906 | D:5      | Entered Level 5 of the Dungeon
  3341 | D:5      | Found a runed translucent gate.
  3342 | D:5      | Found a runed translucent gate.
  3344 | D:5      | Noticed AceOff's ghost (novice DsSh)
  3345 | D:5      | Found a runed translucent gate.
  3392 | D:5      | Noticed an ice beast
  3409 | D:5      | Killed an ice beast
  3410 | D:5      | Gained mutation: You are partially covered in rugged brown
                  | scales. (AC +1, +3% HP) [demonic ancestry]
  3410 | D:5      | Reached XP level 6. HP: 42/49 MP: 6/6
  4025 | D:5      | Found the +1 robe of Vines {NoPotionHeal Regen++++}
  4577 | D:5      | Gained mutation: Your demonic aura sometimes causes spilled
                  | blood to erupt in flames. [demonic ancestry]
  4577 | D:5      | Reached XP level 7. HP: 54/54 MP: 7/7
  4985 | D:5      | Killed AceOff's ghost
  4986 | D:5      | Reached skill level 4 in Shields
  5051 | D:4      | Found Jympiddi's Assorted Antiques.
  5146 | D:4      | Found the +3 pair of gauntlets of War {Slay+5}
  5373 | D:4      | Reached skill level 5 in Long Blades
  5600 | D:6      | Noticed a yak
  5605 | D:6      | Noticed a yak
  5606 | D:6      | Noticed a yak
  5607 | D:6      | Gained mutation: You sometimes gain power by taking damage.
                  | [demonic ancestry]
  5607 | D:6      | Reached XP level 8. HP: 59/62 MP: 8/8
  5661 | D:6      | Reached skill level 5 in Fighting
  5661 | D:6      | Reached skill level 5 in Shields
  5764 | D:6      | Reached skill level 5 in Dodging
  5806 | D:6      | Reached XP level 9. HP: 70/70 MP: 9/9
  5890 | D:6      | Found a shimmering blue altar of Sif Muna.
  6323 | D:7      | Found a staircase to the Ecumenical Temple.
  6347 | D:7      | Found a transporter.
  6355 | Temple   | Entered the Ecumenical Temple
  6369 | Temple   | Became a worshipper of Qazlal Stormbringer
  6650 | D:7      | Found a transporter.
  6737 | D:7      | Noticed NigelTetley's ghost (novice DgHu)
  6945 | D:7      | Reached skill level 6 in Shields
  7046 | D:7      | Reached * piety under Qazlal
  7111 | D:7      | Found a radiant altar of Vehumet.
  7119 | D:7      | Found a broken altar of Ashenzari.
  7121 | D:7      | Found a hide-covered altar of Uskayaw.
  7377 | D:8      | Found Wuilewn's Book Shop.
  7465 | D:8      | Gained mutation: Your demonic aura often causes spilled
                  | blood to erupt in flames. [demonic ancestry]
  7465 | D:8      | Reached XP level 10. HP: 78/78 MP: 10/10
  7490 | D:8      | Found a staircase to the Lair.
  7642 | D:8      | Noticed Psyche
  7668 | D:8      | Reached ** piety under Qazlal
  7681 | D:8      | Killed Psyche
  8079 | D:8      | Found a bloodstained altar of Trog.
  8079 | D:8      | Found an ornate altar of the Wu Jian Council.
  8087 | D:8      | Found a faded altar of an unknown god.
  8093 | D:8      | Found a faded altar of an unknown god.
  8341 | D:9      | Reached skill level 7 in Shields
  8385 | D:9      | Noticed a two-headed ogre
  8385 | D:9      | Noticed a two-headed ogre
  8393 | D:9      | Killed a two-headed ogre
  8399 | D:9      | Killed a two-headed ogre
  8414 | D:9      | Found the +8 pair of quick blades "Gyre" and "Gimble"
                  | {protect}
  8793 | D:9      | Noticed Amaemon
  8802 | D:9      | Noticed an orange demon
  8809 | D:9      | Killed Amaemon
  8810 | D:9      | Reached XP level 11. HP: 56/86 MP: 11/11
  8823 | D:9      | Reached *** piety under Qazlal
  8824 | D:9      | Reached skill level 8 in Shields
  8974 | D:9      | Gained mutation: You are clumsy. (Dex -2) [potion of
                  | mutation]
  8974 | D:9      | Gained mutation: You are robust. (+10% HP) [potion of
                  | mutation]
  9033 | D:10     | Entered Level 10 of the Dungeon
  9033 | D:10     | Noticed a boulder beetle
  9050 | D:10     | Killed a boulder beetle
  9057 | D:10     | Noticed a centaur warrior
  9057 | D:10     | Noticed a six-headed hydra
  9094 | D:9      | Killed a nine-headed hydra
  9119 | D:10     | Noticed a tengu warrior
  9135 | D:10     | Noticed a wizard
  9168 | D:9      | Killed a tengu warrior
  9435 | D:10     | Killed a centaur warrior
  9436 | D:10     | Reached skill level 10 in Long Blades
  9436 | D:10     | Reached skill level 9 in Shields
  9658 | D:10     | Found a shimmering altar of Xom.
  9964 | D:10     | Reached **** piety under Qazlal
  9988 | D:10     | Found a staircase to the Orcish Mines.
 10135 | D:11     | Noticed a two-headed ogre
 10142 | D:11     | Killed a two-headed ogre
 10343 | D:11     | Gained mutation: You are powered by pain. [demonic
                  | ancestry]
 10343 | D:11     | Reached XP level 12. HP: 88/106 MP: 12/12
 10675 | D:12     | Noticed a two-headed ogre
 10683 | D:12     | Killed a two-headed ogre
 10892 | D:12     | Noticed a two-headed ogre
 10898 | D:12     | Killed a two-headed ogre
 10922 | D:12     | Noticed a boulder beetle
 10924 | D:12     | Noticed a two-headed ogre
 10940 | D:12     | Killed a two-headed ogre
 10941 | D:12     | Reached skill level 10 in Shields
 10965 | D:12     | Killed a boulder beetle
 11032 | D:12     | Noticed Lodul
 11041 | D:12     | Killed Lodul
 11063 | D:12     | Found a runed translucent gate.
 11063 | D:12     | Found a runed translucent gate.
 11063 | D:12     | Found a runed translucent gate.
 11068 | D:12     | Noticed Ycigyrier's ghost (journeyman HOFi)
 11526 | D:12     | Reached ***** piety under Qazlal
 11734 | D:12     | Identified the +9 morningstar of Fortitude {heavy, Will+
                  | Str+7}
 11811 | D:13     | Noticed a two-headed ogre
 11825 | D:13     | Killed a two-headed ogre
 11832 | D:13     | Reached skill level 1 in Evocations
 12021 | D:13     | Noticed a centaur warrior
 12164 | D:13     | Killed a centaur warrior
 12287 | D:13     | Noticed a boulder beetle
 12317 | D:13     | Killed a boulder beetle
 12616 | D:14     | Gained mutation: You are mostly covered in rugged brown
                  | scales. (AC +2, +5% HP) [demonic ancestry]
 12616 | D:14     | Reached XP level 13. HP: 83/118 MP: 13/13
 12629 | D:14     | Found a frozen archway.
 12704 | D:14     | Reached skill level 10 in Fighting
 12728 | D:14     | Reached skill level 11 in Shields
 12764 | D:14     | Reached skill level 10 in Dodging
 13266 | D:14     | Found a gate to the Vaults.
 13565 | D:15     | Entered Level 15 of the Dungeon
 13732 | D:15     | Found Kuevis's Antique Weapon Shop.
 13832 | D:15     | Found Fiwujepn's Assorted Antiques.
 14109 | D:15     | Found Diyn's Distillery.
 14127 | D:15     | Noticed a stone giant
 14127 | D:15     | Found a staircase to the Depths.
 14149 | D:15     | Killed a stone giant
 14150 | D:15     | Reached skill level 12 in Shields
 14361 | D:15     | Found Fyedopia's Magic Scroll Shoppe.
 14861 | D:9      | Gained mutation: You are completely covered in rugged brown
                  | scales. (AC +3, +7% HP) [demonic ancestry]
 14861 | D:9      | Reached XP level 14. HP: 120/129 MP: 14/14
 15260 | D:4      | Bought a scroll labelled QIZXUK DILYPN for 23 gold pieces
 15505 | Lair:1   | Entered Level 1 of the Lair of Beasts
 15672 | Lair:1   | Identified the +4 shortbow of the Ornamental God {freeze,
                  | rC+ Int+2}
 15706 | Lair:1   | Reached ****** piety under Qazlal
 16977 | Lair:2   | Noticed Urug
 16994 | Lair:2   | Killed Urug
 17839 | Lair:3   | Noticed Nessos
 17877 | Lair:3   | Killed Nessos
 17970 | Lair:3   | Found a staircase to the Swamp.
 18040 | Lair:3   | Reached skill level 13 in Shields
 18227 | Lair:3   | Noticed Josephine
 18238 | Lair:3   | Killed Josephine
 18491 | Lair:3   | Found a staircase to the Snake Pit.
 19261 | Lair:4   | Found a staircase to the Slime Pits.
 19897 | Lair:5   | Entered Level 5 of the Lair of Beasts
 19936 | Lair:5   | Gained mutation: You have hoof-like feet. [demonic
                  | ancestry]
 19936 | Lair:5   | Reached XP level 15. HP: 126/139 MP: 15/15
 19982 | Lair:5   | Found a snail-covered altar of Cheibriados.
 20077 | Lair:5   | Reached skill level 14 in Shields
 20519 | Lair:5   | Found a corrupted altar of Lugonu.
 20519 | Lair:5   | Found a one-way gate to the infinite horrors of the Abyss.
 21449 | Orc:1    | Entered Level 1 of the Orcish Mines
 21772 | Orc:2    | Entered Level 2 of the Orcish Mines
 22053 | Orc:2    | Reached skill level 15 in Shields
 22087 | Orc:2    | Found Ypiq's Book Shop.
 22207 | Orc:2    | Found a staircase to the Elven Halls.
 22458 | Orc:2    | Found Hegreiv's Antique Armour Boutique.
 22491 | Orc:2    | Found Lychycly's Book Shop.
 22517 | Orc:2    | Found Porapn's Antique Armour Emporium.
 22628 | Elf:1    | Entered Level 1 of the Elven Halls
 22633 | Elf:1    | Paralysed by an air elemental for 1 turns
 22643 | Orc:2    | Paralysed by an air elemental for 1 turns
 22709 | Orc:2    | Paralysed by an air elemental for 1 turns
 22717 | Orc:2    | Paralysed by an air elemental for 1 turns
 22867 | Elf:1    | Gained mutation: You punish those that try to bend your
                  | will. (Will+) [demonic ancestry]
 22867 | Elf:1    | Reached XP level 16. HP: 131/150 MP: 16/16
 22952 | Elf:1    | Noticed Agnes
 22960 | Elf:1    | Killed Agnes
 23527 | Elf:1    | Found Puejiz's Jewellery Boutique.
 23689 | Elf:1    | Reached skill level 16 in Shields
 23989 | Elf:1    | Got a parchment book
 24437 | Elf:2    | Found Juph's Antique Weapon Boutique.
 24459 | Elf:2    | Identified the +0 great sword of Strategic Superiority
                  | {drain, rPois SInv}
 24705 | Elf:2    | Found a huge runed translucent gate.
 24705 | Elf:2    | Found a huge runed translucent gate.
 24705 | Elf:2    | Found a huge runed translucent gate.
 24705 | Elf:2    | Found a huge runed translucent gate.
 24706 | Elf:2    | Found a huge runed translucent gate.
 24904 | Elf:3    | Entered Level 3 of the Elven Halls
 25484 | Elf:3    | Noticed a deep elf master archer
 25496 | Elf:3    | Noticed a deep elf master archer
 25496 | Elf:3    | Killed a deep elf master archer
 25517 | Elf:3    | Killed a deep elf master archer
 25537 | Elf:3    | Gained mutation: You have hooves in place of feet. [demonic
                  | ancestry]
 25537 | Elf:3    | Reached XP level 17. HP: 72/160 MP: 17/17
 25554 | Elf:3    | Reached skill level 17 in Shields
 25571 | Elf:3    | Reached skill level 15 in Long Blades
 25611 | Elf:3    | Noticed a deep elf blademaster
 25622 | Elf:3    | Killed a deep elf blademaster
 25627 | Elf:3    | Noticed a deep elf blademaster
 25635 | Elf:3    | Noticed a Tzitzimitl
 25635 | Elf:3    | Killed a deep elf blademaster
 25771 | Elf:3    | Identified the +5 glaive of the Viper {freeze, rC+ Dex+5}
 25777 | Elf:3    | Identified the +10 mace "Pymnaq" {heavy, Fly Dex+3}
 25780 | Elf:3    | Noticed a Hell Sentinel
 25782 | Elf:3    | Identified the +7 battleaxe of the Throat {freeze, rElec
                  | rC+}
 25820 | Elf:3    | Identified the +4 hand axe "Efetrot" {protect, +Blink
                  | Int+2}
 25836 | Elf:3    | Identified the ring "Loarin" {rF- rC+ rN++ Will+ MP+9}
 25851 | Elf:3    | Identified the staff of Annihilation {rC+ Str+5 Dex+4 SInv
                  | Earth}
 25960 | Elf:3    | Identified the +5 spear "Castuhute" {heavy, Str+4}
 26033 | Elf:3    | Identified the staff "Debog Idosa" {rElec rPois Dex+3 SInv
                  | Air}
 26043 | Elf:3    | Got a resplendent book
 26058 | Elf:3    | Identified the staff "Beastbane" {rElec rPois Will+ Dex+2
                  | Stlth- Air}
 26061 | Elf:3    | Identified the staff of the Feather {rElec rPois rN+ Will+
                  | Int+3 Necro}
 26273 | Elf:2    | Noticed a deep elf blademaster
 26289 | Elf:2    | Killed a deep elf blademaster
 26432 | Elf:2    | HP: 8/161 [+3 battleaxe of freezing (2)]
 27245 | Snake:1  | Entered Level 1 of the Snake Pit
 27249 | Snake:1  | Noticed Azrael
 27253 | Snake:1  | Noticed Kirke
 27261 | Snake:1  | Noticed Jorgrun
 27268 | Snake:1  | Killed Kirke
 27290 | Lair:3   | Reached skill level 18 in Shields
 27334 | Lair:3   | Killed Azrael
 27375 | Lair:3   | Killed Jorgrun
 27586 | Snake:1  | Noticed Asterion
 27595 | Snake:1  | Killed Asterion
 27687 | Snake:1  | Noticed Ofax's ghost (adept VSFi)
 27688 | Snake:1  | Found a runed translucent door.
 27746 | Snake:1  | Found a shimmering altar of Xom.
 27951 | Snake:2  | Reached XP level 18. HP: 155/170 MP: 18/18
 28468 | Snake:2  | Found Enoelesy's Jewellery Shoppe.
 28469 | Snake:2  | Found Wuskomiu's Book Shop.
 28471 | Snake:2  | Found Zugegayg's Jewellery Shoppe.
 28483 | Snake:2  | Bought the ring of Hibuas {rPois EV+5 Str+3} for 642 gold
                  | pieces
 28904 | Snake:3  | Reached skill level 15 in Dodging
 28939 | Snake:3  | Noticed Bai Suzhen
 28972 | Snake:3  | Killed Bai Suzhen
 29647 | Snake:4  | Entered Level 4 of the Snake Pit
 29708 | Snake:4  | Found a runed translucent gate.
 29713 | Snake:4  | Noticed Noucar's ghost (adept MiMo)
 29714 | Snake:4  | Noticed Romunoh's ghost (adept SpBr)
 29719 | Snake:4  | Found a runed translucent gate.
 29724 | Snake:4  | Reached skill level 19 in Shields
 29770 | Snake:4  | Noticed Donald
 29786 | Snake:4  | Killed Donald
 29862 | Snake:4  | Identified the +0 pair of gloves of the Ant {Dex+4}
 29862 | Snake:4  | Noticed Nikola
 29896 | Snake:4  | Killed Nikola
 29941 | Snake:4  | Got a serpentine rune of Zot
 30424 | Snake:4  | Found a runed translucent gate.
 30554 | Snake:4  | Found Cuagopt's Firing Range.
 30945 | Swamp:1  | Entered Level 1 of the Swamp
 31055 | Swamp:1  | Identified the ring of Ru's Favour {rPois rF+ rN+ Int-3}
 31233 | Swamp:1  | Reached XP level 19. HP: 179/179 MP: 19/19
 31247 | Swamp:1  | Found a runed translucent door.
 31251 | Swamp:1  | Noticed Zoigrime's ghost (adept FoFi)
 32596 | Swamp:3  | Reached skill level 20 in Shields
 32833 | Swamp:3  | Reached skill level 15 in Fighting
 32983 | Swamp:4  | Entered Level 4 of the Swamp
 33261 | Swamp:4  | Noticed Mlioglotl
 33273 | Swamp:4  | Noticed a bone dragon
 33280 | Swamp:4  | Killed Mlioglotl
 33521 | Swamp:4  | Got a ragged book
 33744 | Swamp:4  | Got a decaying rune of Zot
 34214 | Vaults:1 | Entered Level 1 of the Vaults
 34601 | Vaults:1 | Reached XP level 20. HP: 189/189 MP: 20/20
 34692 | Vaults:1 | Found Ficat's Weapon Emporium.
 34699 | Vaults:1 | Reached skill level 21 in Shields
 34732 | Vaults:1 | Found Teonnir's Book Boutique.
 36474 | Vaults:3 | Found Vaipil's Magic Scroll Emporium.
 36479 | Vaults:3 | Bought a scroll of enchant weapon for 112 gold pieces
 36479 | Vaults:3 | Bought a scroll of brand weapon for 142 gold pieces
 36613 | Vaults:3 | Found a staircase to the Crypt.
 37757 | Vaults:4 | Found a large runed translucent door.
 37757 | Vaults:4 | Found a large runed translucent door.
 37757 | Vaults:4 | Noticed Plog's ghost (adept AtMo)
 37873 | Vaults:4 | Identified the +11 quarterstaff of Annihilation {venom,
                  | rElec rF+ rCorr Str-4}
 37914 | Vaults:4 | Reached skill level 22 in Shields
 38008 | Vaults:4 | Reached XP level 21. HP: 200/200 MP: 21/21
 38130 | Vaults:4 | Killed Plog's ghost
 38142 | Vaults:4 | Identified the +6 war axe of the Cup {freeze, Will++}
 38303 | Vaults:4 | Found Anep's Assorted Antiques.
 39013 | Vaults:5 | Entered Level 5 of the Vaults
 39056 | Vaults:5 | Noticed a dread lich
 39252 | Vaults:5 | HP: 6/201 [titan/the air (29)]
 39358 | Vaults:5 | Noticed a golden dragon
 39373 | Vaults:5 | Killed a golden dragon
 39378 | Vaults:5 | Noticed a golden dragon
 39410 | Vaults:5 | Noticed a golden dragon
 39425 | Vaults:5 | Mangled by a vault warden

Illustrated notes

Levels and vault maps discovered:
D:1:      grunt_arrival_crossed_arrows, layout_loops_corners,
          nicolae_eternal_life
D:2:      layout_basic, supply_closet_lemuel
D:3:      layout_basic, minmay_quantized, uniq_jessica
D:4:      layout_rooms, serial_shops, nicolae_shop_overgrown_old_shop,
          grunt_decor_arrowhead, serial_park_tiny_2
D:5:      layout_basic, ebering_ghost_rock_garden, bh_walls_and_bars
D:6:      layout_rooms, led_sif_book
D:7:      layout_gridville, grunt_temple_overflow_open,
          minmay_temple_entry_glass, gammafunk_ghost_stat_death
D:8:      layout_basic, chequers_temple_overflow_minitemple,
          grunt_lair_entry_orc_guard_hut, serial_shops, nicolae_shop_peninsula,
          special_room [special_room_orc], uniq_psyche
D:9:      layout_irregular_city, hellmonk_guarded_unrand_gyre_and_gimble,
          uniq_amaemon
D:10:     cheibrodos_fzero, layout_irregular_city,
          mainiacjoe_overflow_catwalk_spiral, erik_orc_1
D:11:     layout_big_octagon, lemuel_old_faithful
D:12:     layout_stronghold, biasface_ghost_orc_armoury, kennysheep_cross_room,
          uniq_lodul
D:13:     layout_cave_pools, special_room [special_room_orc], st_stairs_12,
          kennysheep_generic_room_9
D:14:     layout_basic, erik_vaults_2, hangedman_decor_peaks_small,
          portal_ice_cave_entry_ice_simulacra, tso_altar
D:15:     grunt_enter_depths_snipers, layout_rooms, serial_shops, shop,
          nicolae_shop_tiny_real_fake_doors, nicolae_shop_window_shopping, shop,
          chequers_serial_rivers_marsh, special_room [special_room_orc]
Temple:   compressed_dpeg_triangle_lava_temple
Lair:1:   layout_layer_cave, st_stairs_5, infiniplex_staircase_pool,
          grunt_megastairs_1
Lair:2:   layout_hall_layers, uniq_urug
Lair:3:   layout_regular_city, skrybe_swamp_entry_bodies,
          guppyfry_snake_entry_garden, minivault_19, wad_woods_road_03,
          hangedman_lair_generics_rect, uniq_nessos, uniq_josephine
Lair:4:   layout_cave_pods, slime_entry_1, nicolae_lair_grove_arrangements,
          serial_bayou_shore_b, lemuel_fruit_tree, grunt_megastairs_2
Lair:5:   hellmonk_lair_end_abyssal_woods, layout_loops_ring,
          kennysheep_snail_temple
Swamp:1:  layout_falls_marsh, gammafunk_ghost_grave,
          evilmike_swamp_ruin_rubble_1, swamp_pool1
Swamp:2:  layout_basic_swamp, nicolae_swamp_oxbows
Swamp:3:  layout_basic_swamp, hangedman_swamp_ruin_hall,
          hangedman_swamp_wriggling
Swamp:4:  swamp_alternative, layout_basic_swamp, swamp_pool1,
          hangedman_swamp_diagram, hangedman_swamp_dais, uniq_mlioglotl
Snake:1:  layout_misc_corridors, gammafunk_ghost_grave, special_room,
          basic_altar, uniq_asterion, uniq_kirke, uniq_azrael, uniq_jorgrun
Snake:2:  nicolae_snake_shooting_gallery, layout_misc_corridors,
          minmay_shop_grove, serial_bayou_shore_a, serial_bayou_shore_b
Snake:3:  layout_onion, nicolae_coiled_stairwell_down, nicolae_triple_integral,
          uniq_bai_suzhen
Snake:4:  grunt_snake_rune_spirals, layout_onion, gammafunk_ghost_cemetery,
          nicolae_shop_firing_range, uniq_nikola, uniq_donald
Orc:1:    layout_caves, serial_shops, nicolae_shop_rolled_up
Orc:2:    hellmonk_orc_salted, layout_caves, basic_altar,
          nicolae_orc_pool_cavern
Elf:1:    minmay_elf_arrival_plus, layout_rooms,
          portal_desolation_entry_holy_temple, serial_shops,
          nicolae_shop_gaudy_bauble, minmay_elf_sorcery, uniq_agnes
Elf:2:    elven_hall_of_blades_hangedman_alternative [nicolae_blade_lattice],
          layout_loops_cross, serial_shops, nicolae_shop_window_shopping
Elf:3:    minmay_elf_hall_spiked, layout_geoelf_grid
Vaults:1: v_misc_23, nicolae_vaults_quartermaster, nicolae_vaults_apartment_1,
          v_rooms_4, nicolae_vaults_network_s,
          nicolae_vaults_taking_the_gang_shopping, nicolae_vaults_apartment_2,
          v_misc_10, vaults_room_octagon, nicolae_vaults_tetromino_L_2,
          nicolae_vaults_puzzle_piece, nicolae_vaults_border_crossing,
          layout_vaults_omnibox, serial_shops, nicolae_shop_window_shopping
Vaults:2: ontoclasm_vaults_ring_small, vaults_room_door_hall, v_misc_13,
          nicolae_vaults_stairing_the_circle, v_misc_12, st_diamondy,
          v_alt_pattern_2, nicolae_vaults_tangram_1,
          nicolae_vaults_mini_display_case, grunt_vaults_diagonal,
          nicolae_vaults_ring_of_whatevers, vaults_room_hallway,
          vaults_dpeg_ring, nicolae_vaults_trapezoid_3, layout_vaults_omnicross
Vaults:3: minmay_crypt_entry_vampire_xt, ontoclasm_vaults_ring_square,
          v_misc_15, nicolae_vaults_shipping_containers_4,
          nicolae_vaults_little_squares_5, ontoclasm_vaults_gateway,
          nicolae_vaults_storage_room_statues, layout_vaults_ring, serial_shops,
          shop
Vaults:4: ebering_ghost_disaster_area, nicolae_vaults_tetromino_Z_2,
          nicolae_vaults_specimen_jars, v_alt_pattern_2,
          nicolae_vaults_spaceships, nicolae_vaults_sesquioval_fish,
          grunt_vaults_focal, serial_ice_m, nicolae_vaults_surprise_closet_hard,
          nicolae_vaults_storage_closets_2, nicolae_vaults_surprise_closet,
          grunt_vaults_hallway_short, layout_vaults_omnigrid, serial_shops, shop
Vaults:5: serial_shops

Skill      XL: |  1  2  3  4  5  6  7  8  9 10 11 12 13 14 15 16 17 18 19 20 21 |
---------------+----------------------------------------------------------------+-----
Shields        | 3 4 5 6 7 9 10 12 13 15 16 18 19 20 22 | 22.5
Long Blades    | 2 3 4 5 6 8 9 10 11 13 14 15 16 | 16.8
Armour         | 3 |  3.3
Stealth        | 1 2 3 4 |  4.6
Dodging        | 1 2 3 5 6 7 8 9 10 11 12 13 14 15 16 17 18 | 18.1
Fighting       | 4 5 6 7 8 9 10 11 12 13 14 15 16 | 16.5
Evocations     | 1 2 3 |  3.1
Invocations    | |  0.8

Action                     |  1- 3 |  4- 6 |  7- 9 | 10-12 | 13-15 | 16-18 | 19-21 || total
---------------------------+-------+-------+-------+-------+-------+-------+-------++-------
  Melee: Long sword        |   137 |   169 |   676 |   727 |  1328 |  1559 |  1784 ||  6380
         Kick              |     8 |    41 |   136 |   270 |   571 |   564 |   899 ||  2489
 Invoke: Elemental Force   |       |       |       |       |       |     1 |       ||     1
         Upheaval          |       |       |       |       |       |       |     1 ||     1
  Evoke: Lightning rod     |       |       |       |     6 |     4 |    15 |     9 ||    34
    Use: Scroll            |     6 |     6 |    11 |     6 |    13 |     7 |    17 ||    66
         Potion            |       |       |     1 |     1 |       |    10 |     1 ||    13
   Stab: Distracted        |     1 |       |       |       |       |       |       ||     1
         Sleeping          |     2 |     4 |     2 |       |       |       |       ||     8
 Armour: Scale mail        |    50 |       |       |       |       |       |       ||    50
         Leather armour    |    32 |   157 |       |       |       |       |       ||   189
         Robe              |       |     5 |   465 |   382 |   610 |   604 |   621 ||  2687
  Dodge: Dodged            |    57 |   108 |   297 |   349 |   408 |   485 |  1021 ||  2725
         Repelled          |       |       |       |     2 |     9 |    48 |    18 ||    77
  Block: Buckler           |    26 |    40 |       |       |       |       |       ||    66
         Kite shield       |       |     3 |   397 |   657 |    56 |       |       ||  1113
         Tower shield      |       |       |       |       |  1454 |  1898 |  2316 ||  5668

Table legend: (Time is in decaauts)
 A = Elapsed time spent in this place.
 B = Non-inter-level travel time spent in this place.
 C = Inter-level travel time spent in this place.
 D = Time resting spent in this place.
 E = Time spent auto-exploring this place.
 F = Levels seen in this place.
 G = Mean time per level.
                   A        B        C        D        E       F      G
               +--------+--------+--------+--------+--------+-----+--------+
         Total |  39155 |  34713 |   4442 |   1262 |  22393 |  39 | 1004.0 |
       Dungeon |  16181 |  13888 |   2293 |    918 |   8651 |  15 | 1078.7 |
        Temple |     27 |      2 |     25 |      0 |      0 |   1 |   27.0 |
          Lair |   6121 |   5435 |    686 |     43 |   4339 |   5 | 1224.2 |
         Swamp |   3143 |   2902 |    241 |     27 |   1801 |   4 |  785.8 |
     Snake Pit |   3332 |   3195 |    137 |     93 |   1911 |   4 |  833.0 |
  Orcish Mines |   1387 |   1168 |    219 |     37 |    671 |   2 |  693.5 |
   Elven Halls |   4026 |   3569 |    457 |    136 |   1919 |   3 | 1342.0 |
        Vaults |   4935 |   4553 |    382 |      8 |   3099 |   5 |  987.0 |
               +--------+--------+--------+--------+--------+-----+--------+

Top non-repeatable levels by time:
     D:5: 2471 daAuts
Vaults:4: 1677 daAuts
   Elf:2: 1520 daAuts
  Lair:3: 1423 daAuts
  Lair:1: 1389 daAuts
     D:7: 1378 daAuts
    D:12: 1338 daAuts
   Elf:1: 1253 daAuts
   Elf:3: 1252 daAuts
     D:1: 1246 daAuts
  Lair:5: 1239 daAuts
Vaults:2: 1229 daAuts
    D:14: 1156 daAuts
 Snake:4: 1153 daAuts
    D:10: 1138 daAuts
